 Dungeon Crawl Stone Soup version 0.30-a0-12-gd8047c6341 (webtiles) character file.

Game seed: 1725292227088736970

9732 Zeldest the Merchant of Misery (level 12, -5/89 (106) HPs)
             Began as a Meteoran Necromancer on Aug 23, 2022.
             Was a Believer of Kikubaaqudgha.
             Slain by a wight
             ... wielding a +3 mace
              (8 damage)
             ... on level 10 of the Dungeon.
             The game lasted 00:25:34 (3277 turns).

Zeldest the Merchant of Misery (MeNe)               Turns: 3277, Time: 00:25:35

HP:   -5/89 (106)   AC: 13    Str: 13    XL:     12   Next: 9%
MP:   24/24         EV: 13    Int: 21    God:    Kikubaaqudgha [**....]
Gold: 254           SH:  0    Dex: 17    Spells: 13/26 levels left

rFire   . . .      SeeInvis +    h - +9 mace of Sharp Exoneration {freeze, Drain Str+4 SInv}
rCold   . . .      Faith    .    (no shield)
rNeg    . . .      Spirit   .    j - +0 steam dragon scales
rPois   .          Reflect  .    y - +1 hat
rElec   .          Harm     .    t - +2 cloak
rCorr   .          Rampage  .    (no gloves)
Will    +....                    (no boots)
Stlth   +.........               (no amulet)
HPRegen 0.24/turn                q - +4 ring of protection
MPRegen 0.19/turn                (no ring)

@: slowed, glowing, heavily drained, very slow
A: sense surroundings 2, otherworldly, glowing, explore regen
a: Renounce Religion, Unearth Wretches


You were on level 10 of the Dungeon.
You worshipped Kikubaaqudgha.
Kikubaaqudgha was pleased with you.
You visited 2 branches of the dungeon, and saw 11 of its levels.

You collected 254 gold pieces.

Inventory:

Hand Weapons
 h - the +9 mace of Sharp Exoneration (weapon) {freeze, Drain Str+4 SInv}
   (You found it on level 3 of the Dungeon)

   It freezes those it strikes, dealing additional cold damage.
   It can also slow down cold-blooded creatures.
   Str:       It affects your strength (+4).
   SInv:      It lets you see invisible.
   Drain:     It drains your maximum health when unequipped.
 m - the +7 war axe of Cruel Justice {drain, rPois rC+ rN++ Str+2}
   (You found it on level 4 of the Dungeon)

   A truly terrible weapon, it drains the life of any living foe it strikes.
   Str:       It affects your strength (+2).
   rC:        It protects you from cold.
   rPois:     It protects you from poison.
   rN:        It greatly protects you from negative energy.
Armour
 j - +0 steam dragon scales (worn)
 p - a +0 hat
 t - a +2 cloak (worn)
 x - the +5 ring mail of the Louse {Rampage *Slow Int+2}
   (You found it on level 9 of the Dungeon)

   Int:       It affects your intelligence (+2).
   *Slow:     It may slow you when you take damage.
   Rampage:   It bestows one free step when moving towards enemies.
 y - a +1 hat (worn)
Jewellery
 q - a +4 ring of protection (left hand)
 w - a ring of protection from cold
Wands
 c - a wand of flame (11)
Scrolls
 f - a scroll of silence {unknown}
 g - a scroll of teleportation
 k - a scroll of magic mapping {unknown}
 n - a scroll of noise {unknown}
 o - 2 scrolls of vulnerability {unknown}
 s - 2 scrolls of butterflies {unknown}
 u - a scroll of fear {unknown}
 v - a scroll of immolation {unknown}
Potions
 a - a potion of attraction
 b - 3 potions of magic
 e - a potion of lignification
 i - a potion of brilliance
 l - a potion of mutation


   Skills:
 + Level 10.3 Fighting
 - Level 2.4 Dodging
 - Level 1.4 Stealth
 - Level 1.1 Unarmed Combat
 - Level 7.5 Spellcasting
 * Level 13.5 Necromancy
 + Level 8.5 Transmutations


You had 13 spell levels left.
You knew the following spells:

 Your Spells              Type           Power      Damage    Failure   Level
a - Necrotise             Necr           100%       1d9       1%          1
b - Animate Dead          Necr           60%        N/A       1%          4
c - Vampiric Draining     Necr           60%        2d10      1%          3
d - Agony                 Necr           60%        N/A       1%          5

Your spell library contained the following spells:

 Spells                   Type           Power      Damage    Failure   Level
 Sublimation of Blood     Necr           60%        N/A       1%          2
 Anguish                  Hex/Necr       18%        N/A       5%          4
 Freeze                   Ice            28%        1d5       9%          1
 Ice Form                 Ice/Tmut       25%        N/A       14%         4
 Frozen Ramparts          Ice            14%        1d3       26%         3
 Hailstorm                Conj/Ice       7%         3d4       63%         4
 Passage of Golubria      Tloc           7%         N/A       63%         4
 Summon Ice Beast         Ice/Summ       7%         N/A       63%         4
 Silence                  Hex/Air        3%         N/A       93%         5
 Lehudib's Crystal Spear  Conj/Erth      3%         10d3      100%        8


Dungeon Overview and Level Annotations

Branches:
Dungeon (10/15) Zot: 2680  Temple (1/1) D:6 Zot: 416    Lair (0/5) D:8
    Orc: D:9-12

Altars:
Ashenzari
Cheibriados
Dithmenos
Elyvilon
Fedhas
Gozag
Hepliaklqana
Kikubaaqudgha
Makhleb
Nemelex Xobeh
Okawaru
Ru
Trog
Uskayaw
Vehumet
Wu Jian
Xom
Yredelemnul
Zin
The Shining One

Shops:
D:10 *

Portals:
Abyss: D:9

Annotations:
D:4 2 transporters, qwertyui's ghost, amateur TrFi
D:9 2 transporters, IdlyInterested's ghost, journeyman DsWn
D:10 3 runed translucent doors, nicolae's ghost, novice GrFi; ragingrage's ghost, novice DsCK


Innate Abilities, Weirdness & Mutations

You passively map the area around you.
You are easily found by Zot.
You glow in the dark.
You regain HP and MP as you explore.


Message History

The kobold brigand completely misses you.
The wight hits you but does no damage. The wight hits you with a +0 hand axe.
You sock the wight! You freeze the wight.
The wight is severely damaged.
The kobold brigand hits you but does no damage.
The orc warrior hits you from afar with a +0 glaive.
* * * LOW HITPOINT WARNING * * *
The wight hits you with a +3 mace.
* * * LOW HITPOINT WARNING * * *
The wight hits you but does no damage. The orc warrior barely misses you.
The kobold brigand hits you with a +0 club.
* * * LOW HITPOINT WARNING * * *
The wight hits you with a +0 hand axe.
* * * LOW HITPOINT WARNING * * *
You feel drained.
* * * LOW HITPOINT WARNING * * *
The wight hits you with a +3 mace.
* * * LOW HITPOINT WARNING * * *
You closely miss the wight.
The wight is severely damaged.
The kobold brigand hits you but does no damage.
The orc warrior barely misses you. The wight hits you with a +3 mace.
* * * LOW HITPOINT WARNING * * *
The wight barely misses you.
A kobold demonologist comes into view. It is wielding a +0 dagger.
The orc warrior misses you.
The kobold brigand hits you but does no damage.
The wight hits you but does no damage. The wight closely misses you.
The kobold demonologist moves out of view.
You feel better.
The kobold brigand hits you but does no damage.
The orc warrior hits you from afar with a +0 glaive.
* * * LOW HITPOINT WARNING * * *
The wight hits you with a +3 mace.
* * * LOW HITPOINT WARNING * * *
The wight hits you but does no damage.
The kobold brigand hits you but does no damage.
The orc warrior misses you. The wight hits you with a +3 mace!
You die...
Kikubaaqudgha rasps: "You have failed me!
Welcome... death!"

).#.....#,,,,~ ' , #.
..#.....#....~≈ .. ### ######'
..#.....#....≈≈ ..*.... ,.......
..#.....#....~~#####≈~~~~ ~~~~~~.
..#.....#....≈≈≈≈≈≈≈≈≈≈≈~ ≈≈≈≈≈≈)
###.....#....~≈~~~~≈~≈~~ ≈~~≈~~.
........#..............., .......
........................,,.......
........####...z@Ko..... .......
......).#..#.##z##...... .......
........#..# #.(.###.... ,.......
.....####..# #.....# ..., .......
.....#....[###((...#, . ,...?..K
##'###>......[(..<.## ######o
......................... ...
........................., [...
........................., .....


You could see an orc warrior, a kobold brigand and 2 wights.

Vanquished Creatures
  A hydra (D:9)
  Pikel (D:8)
  A komodo dragon (D:8)
  Psyche (D:10)
  A polar bear (shapeshifter) (D:10)
  A hornet (D:7)
  A polar bear (D:10)
  Grinder (D:6)
  2 slime creatures (D:10)
  Sigmund (D:4)
  A shadow (D:9)
  2 yaks (D:9)
  A vampire mosquito (D:10)
  2 steam dragons
  A warg (D:10)
  Menkaure (D:7)
  A water moccasin (D:6)
  A sky beast (D:6)
  4 orc warriors (D:10)
  2 wolves (D:10)
  2 phantoms
  4 kobold brigands
  2 bullfrogs
  2 necrophages
  4 scorpions
  A wight (D:10)
  3 killer bees (D:10)
  An electric eel (D:10)
  A howler monkey (D:10)
  2 hounds
  5 orc priests
  2 gnoll boudas
  2 jellies (D:6)
  3 iguanas
  9 orc wizards
  8 gnolls
  4 adders
  2 shadow imps
  2 white imps
  2 ufetubi
  2 dart slugs (D:3)
  19 orcs
  2 giant cockroaches
  A goblin (D:3)
  3 hobgoblins
  4 jackals (D:5)
  17 kobolds
  A quokka (D:5)
  2 ball pythons (D:3)
  A bat (D:2)
  A frilled lizard (D:2)
  2 rats (D:3)
143 creatures vanquished.

Vanquished Creatures (collateral kills)
  A two-headed ogre (D:10)
  2 polar bears (D:10)
  A hornet (D:9)
  A slime creature (D:10)
  4 yaks (D:9)
  A wyvern (D:9)
  3 vampire mosquitoes (D:10)
  2 wargs (D:10)
  An acid dragon (D:10)
  An ice beast (D:10)
  A sky beast (D:6)
  An ogre (D:6)
  An orc warrior (D:10)
  2 wolves (D:10)
  A phantom (D:6)
  A centaur (D:10)
  2 kobold brigands (D:10)
  A wight (D:9)
  A killer bee (D:10)
  An orc priest (D:10)
  A gnoll bouda (D:10)
  2 orc wizards (D:10)
  2 gnolls
  A white imp (D:10)
  13 orcs
  An endoplasm (D:2)
  2 kobolds
51 creatures vanquished.

Vanquished Creatures (others)
  A fire dragon (D:10)
  A boulder beetle (D:10)
  A harpy (shapeshifter) (D:10)
  A deep elf pyromancer (D:10)
  An orc knight (D:10)
  A cyclops (D:9)
  2 yaktaurs (D:10)
  A harpy zombie (D:10)
  A vampire mosquito zombie (D:10)
  2 yaktaur zombies (D:10)
  A bullfrog (D:10)
  3 warg zombies (D:10)
  A wolf zombie (D:10)
  A bullfrog zombie (D:8)
  A hound (D:10)
  A scorpion zombie (D:6)
  3 killer bee zombies (D:10)
  2 hound zombies
  A howler monkey zombie (D:10)
  A steam dragon zombie (D:10)
  An adder (D:10)
  A white imp (D:10)
  A jelly zombie (D:6)
  2 adder zombies
  An orc (D:10)
  A ball python zombie (D:3)
  A giant cockroach zombie (D:4)
  4 gnoll zombies
  4 kobold zombies
  20 orc zombies
  A rat (D:10)
  A rat zombie (D:10)
  6 plants
  6 withered plants (D:10)
77 creatures vanquished.

Grand Total: 271 creatures vanquished

Notes
Turn   | Place    | Note
-------+----------+-------------------------------------------
     0 | D:1      | Zeldest the Meteoran Necromancer began the quest for the
                  | Orb.
     0 | D:1      | Reached XP level 1. HP: 14/14 MP: 5/5
   152 | D:2      | Reached XP level 2. HP: 13/22 MP: 1/6
   176 | D:2      | Reached skill level 1 in Unarmed Combat
   278 | D:3      | Identified the +9 mace of Sharp Exoneration {freeze, Drain
                  | Str+4 SInv}
   283 | D:3      | Reached skill level 1 in Fighting
   322 | D:3      | Noticed a phantom
   336 | D:3      | Killed a phantom
   337 | D:3      | Reached skill level 5 in Necromancy
   337 | D:3      | Reached XP level 3. HP: 8/30 MP: 7/9
   337 | D:3      | Reached XP level 4. HP: 10/37 MP: 7/10
   337 | D:3      | Reached XP level 5. HP: 11/42 MP: 7/11
   344 | D:3      | Learned a level 4 spell: Animate Dead
   348 | D:3      | Learned a level 3 spell: Vampiric Draining
   516 | D:4      | Identified the +7 war axe of Cruel Justice {drain, rPois
                  | rC+ rN++ Str+2}
   520 | D:4      | Identified the +1 leather armour of the Realm of Zot
                  | {Rampage}
   554 | D:4      | Found a shadowy altar of Dithmenos.
   592 | D:4      | Reached XP level 6. HP: 51/51 MP: 11/13
   611 | D:4      | Noticed Sigmund
   620 | D:4      | Killed Sigmund
   621 | D:4      | Reached skill level 5 in Spellcasting
   621 | D:4      | Reached skill level 6 in Necromancy
   621 | D:4      | Reached XP level 7. HP: 36/59 MP: 8/15
   762 | D:4      | Found a transporter.
   762 | D:4      | Noticed qwertyui's ghost (amateur TrFi)
   766 | D:4      | Found a transporter.
   773 | D:4      | Identified the +8 great mace of Accidental Termination
                  | {freeze, rPois Will+}
   841 | D:5      | Entered Level 5 of the Dungeon
  1200 | D:6      | Reached XP level 8. HP: 66/67 MP: 12/17
  1243 | D:6      | Reached skill level 5 in Fighting
  1261 | D:6      | Reached skill level 7 in Necromancy
  1323 | D:6      | Noticed Grinder
  1324 | D:6      | Paralysed by Grinder for 5 turns
  1341 | D:6      | Paralysed by Grinder for 2 turns
  1372 | D:6      | Paralysed by Grinder for 4 turns
  1379 | D:6      | Killed Grinder
  1380 | D:6      | Gained mutation: You passively map the area around you.
                  | [Meteoran growth]
  1380 | D:6      | Reached XP level 9. HP: 43/77 MP: 19/21
  1383 | D:6      | Found a staircase to the Ecumenical Temple.
  1399 | Temple   | Entered the Ecumenical Temple
  1539 | Temple   | Became a worshipper of Kikubaaqudgha
  1613 | D:6      | Reached skill level 8 in Necromancy
  1613 | D:6      | Reached skill level 1 in Transmutations
  1650 | D:6      | Found a snail-covered altar of Cheibriados.
  1744 | D:7      | Learned a level 5 spell: Agony
  1835 | D:7      | Noticed a hornet
  1851 | D:7      | Killed a hornet
  1852 | D:7      | Reached skill level 9 in Necromancy
  1950 | D:7      | Reached * piety under Kikubaaqudgha
  1950 | D:7      | Received a gift from Kikubaaqudgha
  1964 | D:7      | Noticed Menkaure
  1976 | D:7      | Killed Menkaure
  1977 | D:7      | Reached XP level 10. HP: 12/86 MP: 22/22
  1996 | D:7      | Found a blossoming altar of Fedhas.
  2092 | D:8      | Noticed a komodo dragon
  2092 | D:8      | Found a staircase to the Lair.
  2140 | D:8      | Found a burning altar of Makhleb.
  2160 | D:8      | Killed a komodo dragon
  2161 | D:8      | Reached skill level 10 in Necromancy
  2207 | D:8      | Noticed Pikel
  2224 | D:8      | Killed Pikel
  2225 | D:8      | Reached skill level 5 in Transmutations
  2443 | D:9      | Reached skill level 11 in Necromancy
  2467 | D:9      | Found a transporter.
  2468 | D:9      | Noticed a rakshasa
  2488 | D:9      | Found a transporter.
  2488 | D:9      | Found a one-way gate to the infinite horrors of the Abyss.
  2488 | D:9      | Noticed IdlyInterested's ghost (journeyman DsWn)
  2494 | D:9      | Reached XP level 11. HP: 66/95 MP: 23/23
  2514 | D:9      | Noticed a purple very ugly thing
  2583 | D:9      | Noticed a toenail golem
  2616 | D:10     | Entered Level 10 of the Dungeon
  2762 | D:9      | Identified the +5 ring mail of the Louse {Rampage *Slow
                  | Int+2}
  2801 | D:10     | Noticed Psyche
  2802 | D:10     | Found Nopsikure's Overcharged Wands.
  2808 | D:10     | Killed Psyche
  2809 | D:10     | Reached skill level 12 in Necromancy
  2829 | D:10     | Reached ** piety under Kikubaaqudgha
  2838 | D:10     | Noticed a cyclops
  2839 | D:10     | Noticed a two-headed ogre
  2943 | D:10     | Found a runed translucent gate.
  2962 | D:10     | Found a runed translucent gate.
  2963 | D:10     | Found a runed translucent gate.
  2968 | D:10     | Noticed nicolae's ghost (novice GrFi)
  2968 | D:10     | Noticed ragingrage's ghost (novice DsCK)
  3083 | D:10     | Noticed a fire dragon
  3103 | D:10     | Noticed a harpy
  3103 | D:10     | a shapeshifter changed into a harpy
  3122 | D:10     | Killed a two-headed ogre
  3123 | D:10     | Reached skill level 13 in Necromancy
  3125 | D:10     | Reached skill level 10 in Fighting
  3240 | D:10     | Reached XP level 12. HP: 45/106 MP: 17/24
  3277 | D:10     | HP: 3/89 [wight/+3 mace (6)]
  3277 | D:10     | Slain by a wight

Illustrated notes

Levels and vault maps discovered:
D:1:      dpeg_arrival_pits, layout_loops_corners, hangedman_decor_points
D:2:      layout_loops_ring, amcnicky_mini_rare_corridor_liquid,
          kennysheep_generic_room_8
D:3:      layout_loops_cross, nicolae_kite_square_tiling_tiny
D:4:      layout_loops_cross, mainiacjoe_overflow_alcove_4,
          gammafunk_ghost_smash, minmay_statues_item, uniq_sigmund
D:5:      layout_rooms
D:6:      layout_basic, general_overflow_altar, lemuel_doored_altar,
          minmay_temple_entry_mist, serial_shops, shop_statue, uniq_grinder
D:7:      layout_loops_ring, mainiacjoe_overflow_concentric_impassable,
          uniq_menkaure
D:8:      layout_basic, bloody_makhleb, david_lair_shrubbed, uniq_pikel,
          uniq_gastronok
D:9:      layout_cave_pools, gammafunk_ghost_abyssal_escape
D:10:     lemuel_castle_with_subvaults [lemuel_castle_interior_carwin_1],
          layout_irregular_city, hiddenorc2_lemuel, gammafunk_ghost_cemetery,
          serial_ice, serial_ice_j, serial_ice_h, serial_ice_m, serial_ice_b,
          nicolae_shop_overcharged_wands, uniq_psyche
Temple:   bh_familiar_temple

Skill      XL: |  1  2  3  4  5  6  7  8  9 10 11 |
---------------+----------------------------------+-----
Unarmed Combat | 1 |  1.1
Fighting       | 2 3 4 6 7 8 10 | 10.3
Spellcasting   | 3 4 5 7 |  7.5
Necromancy     | 5 6 7 9 11 13 | 13.5
Transmutations | 3 6 8 |  8.5
Dodging        | |  2.4
Stealth        | |  1.4

Action                   |  1- 3 |  4- 6 |  7- 9 | 10-12 || total
-------------------------+-------+-------+-------+-------++-------
Melee: Unarmed           |    13 |       |       |       ||    13
       Punch             |     1 |     1 |     3 |       ||     5
       Mace              |    18 |    26 |   167 |   161 ||   372
 Cast: Necrotise         |    16 |     4 |     5 |    38 ||    63
       Animate Dead      |       |     1 |     9 |     7 ||    17
       Vampiric Draining |       |       |     5 |    27 ||    32
       Agony             |       |       |       |     1 ||     1
Invok: Unearth Wretches  |       |       |       |     5 ||     5
Evoke: Wand              |       |       |       |     1 ||     1
  Use: Scroll            |       |       |     9 |     2 ||    11
       Potion            |       |       |     2 |     3 ||     5
 Stab: Paralysed         |       |       |       |     4 ||     4
       Distracted        |       |       |       |     2 ||     2
Armor: Robe              |    10 |     6 |    63 |       ||    79
       Skin              |       |       |    14 |       ||    14
       Steam dragon scal |       |       |     5 |   147 ||   152
Dodge: Dodged            |    21 |    19 |   116 |   178 ||   334

Table legend: (Time is in decaauts)
 A = Elapsed time spent in this place.
 B = Non-inter-level travel time spent in this place.
 C = Inter-level travel time spent in this place.
 D = Time resting spent in this place.
 E = Time spent auto-exploring this place.
 F = Levels seen in this place.
 G = Mean time per level.
                   A        B        C        D        E       F      G
               +--------+--------+--------+--------+--------+-----+--------+
         Total |   3502 |   3139 |    363 |      4 |      0 |  11 |  318.4 |
       Dungeon |   3318 |   2983 |    335 |      4 |      0 |  10 |  331.8 |
        Temple |    183 |    155 |     28 |      0 |      0 |   1 |  183.0 |
               +--------+--------+--------+--------+--------+-----+--------+

Top non-repeatable levels by time:
    D:10: 578 daAuts
     D:7: 448 daAuts
     D:9: 384 daAuts
     D:5: 376 daAuts
     D:6: 362 daAuts
     D:4: 340 daAuts
     D:8: 289 daAuts
     D:3: 284 daAuts
     D:2: 241 daAuts
  Temple: 183 daAuts
     D:1: 12 daAuts
